AoeStats
← RedPhosphoru

Arabian Desert

509466818Analyzed
1v1 RM · 6d ago on Sep 26, 2026· 23m 56s· 2 players
Game mode
Random Map
Map size
Tiny (2 player)
Population
200
Speed
Normal
Resources
Standard
Victory
Conquest
Starting age
Dark Age
Ending age
Imperial Age
RankedLock teamsTeams togetherTeam positionsShared explorationLock speedFull tech treeHidden civsTurbo modeCheats
Victory
Defeat
🇺🇸 Saxons · United States
2506
+6
🇵🇰 Byzantines · Pakistan
2249
-6
MangonelMancer
3:46 Loom
12:34 Feudal Age
17:03 Castle Age
15:24 Double-Bit Axe
15:54 Fletching
17:46 Bodkin Arrow
18:05 Crossbowman
19:53 Horse Collar
20:11 Elite Skirmisher
21:32 Padded Archer Armor
23:11 Ballistics
RedPhosphoru
5:24 Loom
12:12 Feudal Age
16:08 Castle Age
14:33 Double-Bit Axe
17:14 Bow Saw
20:00 Scale Mail Armor
22:05 Fletching
23:45 Chain Mail Armor
Connection lost

Rejoining the realm…

Still unreachable

The connection could not be restored.

Session expired

The server has moved on; the page needs a fresh start.